[Event "*** MasterClass Titled Tuesday Blitz"]
[Site "Chess.com"]
[Date "2017.10.03"]
[Round "5"]
[White "TregubovP"]
[Black "Buffy7"]
[Result "1/2-1/2"]
[WhiteElo "2508"]
[BlackElo "2464"]
[TimeControl "180+2"]
[EndTime "14:08:11 PDT"]
[Termination "Game drawn - insufficient material"]

1. d4 Nf6 2. c4 e6 3. Nc3 Bb4 4. e3 Bxc3+ 5. bxc3 d6 6. Bd3 c5 7.
e4 Nc6 8. Ne2 e5 9. O-O b6 10.
f4 h6 11. fxe5 dxe5 12. d5 Na5 13. Ng3 Nb7 14. a4 Nd6 15. a5 Ba6 16. axb6 axb6 17. Qa4+ Ke7 18. Nf5+ Nxf5 19. Rxf5 Bb7 20. Qxa8 Bxa8 21.
Ra7+ Kf8 22. Rf2 Kg8 23. Rfa2 Kh7 24. Rxa8 Qxa8 25. Rxa8 Rxa8 26. Kf2 Ne8 27. Ke2 Nd6 28. Bc2 Nxc4 29. Kd3 Nd6 30. c4 Ra2 31. Kc3 Kg8 32.
Kb3 Ra1 33. Bb2 Re1 34. Bxe5 Nxe4 35. d6 Kf8 36. Bxg7+ Ke8 37. Bxh6 Nxd6 38. h4 Rg1 39. Bf4 Kd7 40. g3 f5 41. h5 Ne4 42. h6 Ke6 43.
Ka4 Nd6 44. Bxd6 Kxd6 45. h7 Rh1 46. Bxf5 Ke5 47. g4 Kf6 48. Kb5 Rb1+ 49. Kc6 Kg7 50. g5 Rb4 51. Kd5 Rb2 52. g6 Rf2 53. Be4 Rf6 54. Bd3 Rf4 55. Be4 Rf6 56. Ke5 Rf1 57. Kd6 Rf6+ 58. Kd5 Rf8 59. Kc6 Rf6+ 60. Kb5 Rd6 61.
Bf5 Rf6 62. Be4 Re6 63. Bf5 Rf6 64. Be4 Re6 65. Bc6 Rxg6 66. Kxb6 Re6 67. Kxc5 Kxh7 68. Bd5 Re8 69. Kd6 Rc8 70. Kd7 Rxc4 71. Bxc4 1/2-1/2

[Event "*** MasterClass Titled Tuesday Blitz"]
[Site "Chess.com"]
[Date "2017.10.03"]
[Round "5"]
[White "Gudmundur_Kjartansson"]
[Black "Rbrrt"]
[Result "1/2-1/2"]
[WhiteElo "2315"]
[BlackElo "2280"]
[TimeControl "180+2"]
[EndTime "14:08:22 PDT"]
[Termination "Game drawn - insufficient material"]

1. d4 d5 2. Nf3 Nf6 3. c4 c6 4. e3 Bf5 5. Nc3 e6 6. Bd3 Bg4 7. h3 Bh5 8. g4 Bg6 9. Ne5 Nbd7 10.
Nxg6 hxg6 11. Bd2 dxc4 12. Bxc4 b5 13. Bb3 a6 14. e4 c5 15. g5 cxd4 16. gxf6 dxc3 17.
Bxc3 Nxf6 18. Qf3 Rc8 19. Rd1 Qb6 20. Bxf6 gxf6 21. Qxf6 Rh5 22. Kf1 Be7 23. Qf3 Rh4 24. Kg2 Bd6 25. Rc1 Rd8 26. Rhd1 Rf4 27. Qe2 Be5 28. Rxd8+ Kxd8 29. Qd2+ Ke7 30. f3 Rh4 31. Qg5+ Bf6 32. Qd2 Rh8 33. Rd1 Rd8 34. Qxd8+ Qxd8 35. Rxd8 Kxd8 36. a4 bxa4 37. Bxa4 Bxb2 38. Bb3 a5 39. Ba4 Ke7 40. Kf2 Bd4+ 41. Ke2 f5 42. exf5 exf5 43.
Kd3 Bg1 44. Bb3 Kf6 45. Ke2 Ke5 46. Bf7 g5 47. Be8 Kf4 48. Bd7 Ke5 49. Kd3 Kf4 50.
Ke2 Bc5 51. Kd3 a4 52. Bxa4 Kxf3 53. Bd7 g4 54. hxg4 fxg4 55. Bxg4+ Kxg4 1/2-1/2

[Event "*** MasterClass Titled Tuesday Blitz"]
[Site "Chess.com"]
[Date "2017.10.03"]
[Round "5"]
[White "GameOverBro"]
[Black "Msb2"]
[Result "0-1"]
[WhiteElo "2299"]
[BlackElo "2617"]
[TimeControl "180+2"]
[EndTime "14:08:25 PDT"]
[Termination "Msb2 won by resignation"]

1. e4 e6 2. d4 d5 3. Nd2 c5 4. Ngf3 cxd4 5. Nxd4 Nf6 6. Bb5+ Bd7 7. Bd3 Nc6 8. Nxc6 Bxc6 9. e5 Nd7 10. Nf3 Be7 11. O-O O-O 12. Re1 Nc5 13. Nd4 Rc8 14. Bf1 Qc7 15. Be3 Nd7 16. f4 Bc5 17. c3 a6 18.
Qh5 g6 19. Qh4 b5 20. a3 Nb6 21. Bf2 Nc4 22. Kh1 Nxb2 23. Re3 Bxd4 24. cxd4 Nc4 25.
Rh3 f5 26. exf6 Rf7 27. Re1 Qd7 28. Bd3 Qd8 29. Rxe6 Bd7 30. Bxg6 Bxe6 31. Bxf7+ Kxf7 32. Qxh7+ Ke8 33. Bh4 Bf7 34. Rg3 Nd6 35. h3 Kd7 36.
Rg7 Qe8 37. Kh2 Kc6 38. Qc2+ Kb7 39. Qd2 Rc7 40. f5 Ne4 41. Qf4 Qc6 42. Be1 Qxf6 43. Ba5 Re7 44. Rh7 Nd6 45. Rh6 Re4 46. Rxf6 Rxf4 47.
Rxd6 Rxf5 48. Rb6+ Kc8 49. g4 Rf4 50. Rxa6 Rxd4 51. Kg3 Ra4 52. Ra7 Rxa3+ 53. Kh4 Be6 54. Bb6 Rf3 55. Rc7+ Kb8 56. Rc5 b4 57. Rb5 b3 58.
Bd4+ Kc8 59. Kg5 Kd7 60. h4 Rg3 61. Rb7+ Kc8 62. Kf6 Kxb7 63. Kxe6 Rxg4 64. Bf6 Rxh4 0-1

[Event "*** MasterClass Titled Tuesday Blitz"]
[Site "Chess.com"]
[Date "2017.10.03"]
[Round "5"]
[White "Diwi89"]
[Black "Alexander_Moskalenko"]
[Result "1-0"]
[WhiteElo "2543"]
[BlackElo "2626"]
[TimeControl "180+2"]
[EndTime "14:08:28 PDT"]
[Termination "Diwi89 won on time"]

1. e4 c6 2. d4 g6 3. c4 Bg7 4. Nc3 d6 5. f4 Nf6 6. Nf3 O-O 7.
Be2 Bg4 8. O-O Bxf3 9. Bxf3 e5 10. fxe5 dxe5 11. d5 Na6 12. Be3 c5 13. a3 Ne8 14.
b4 Nd6 15. bxc5 Nxc4 16. Bf2 Bh6 17. Qd3 Nd2 18. Rfd1 Nb3 19. c6 Nac5 20. Qc4 b6 21. Ra2 Nd4 22. Ne2 Ncb3 23. Rd3 Nxe2+ 24. Rxe2 Nc1 25. d6 Nxd3 26. Qxd3 Rc8 27. Qd5 Qg5 28. Be3 Qh4 29. Bxh6 Qxh6 30. Re1 Rfd8 31. c7 Rd7 32. g3 Qf8 33. Rd1 Rcxc7 34. dxc7 Rxd5 35. Rxd5 Kg7 36. Bg4 f5 37. exf5 gxf5 38. Rd7+ Kg6 39. Bf3 e4 40. Be2 Qc5+ 41. Kg2 e3 42. Ba6 Qc6+ 43.
Kf1 Qxd7 44. c8=Q Qd1+ 45. Kg2 Qd2+ 46. Kh3 f4 47. Qe6+ Kg7 48. Qe5+ Kg6 49. Qe6+ Kg7 50.
gxf4 Qf2 51. Qg4+ Kf8 52. Be2 Ke7 53. Qh4+ Ke6 54. Qxf2 exf2 55. Kg3 Kf5 56. Bd3+ Kf6 57. Kxf2 h6 58. Kf3 a5 59. a4 h5 60. Ke4 b5 61. Bxb5 1-0

[Event "*** MasterClass Titled Tuesday Blitz"]
[Site "Chess.com"]
[Date "2017.10.03"]
[Round "5"]
[White "GM_dmitrij"]
[Black "Oneofmyturns"]
[Result "1/2-1/2"]
[WhiteElo "2658"]
[BlackElo "2581"]
[TimeControl "180+2"]
[EndTime "14:08:29 PDT"]
[Termination "Game drawn by repetition"]

1. e4 c5 2. Nf3 d6 3. d4 cxd4 4. Nxd4 Nf6 5. Nc3 g6 6. Be3 a6 7. f3 Bg7 8. Qd2 Nbd7 9. O-O-O b5 10. g4 Bb7 11. h4 h5 12. g5 Nh7 13. Kb1 Rc8 14. Bh3 O-O 15. Nd5 Re8 16. Bxd7 Qxd7 17. Nb6 Qc7 18. Nxc8 Rxc8 19. Ne2 Nf8 20. Bd4 Bxd4 21.
Nxd4 Nd7 22. Rhe1 Nb6 23. f4 Nc4 24. Qc1 e5 25. fxe5 dxe5 26. Nb3 Nd6 27. Nd2 b4 28. Re3 a5 29. Rde1 a4 30. c3 Qb6 31. c4 Qc5 32. Rd3 Kf8 33. a3 bxa3 34. Rxa3 Bc6 35. Qc3 Rb8 36. Ka1 Kg8 37. Qd3 Rd8 38. Qe3 Qb4 39. Qc3 Qc5 40. Qe3 Qb4 41. Qc3 Qc5 42. Nf3 Nxc4 43. Nxe5 Qxe5 44. Qxc4 Be8 45. Qc3 Qh2 46.
Qg3 Qc2 47. Rc3 Rd1+ 48. Rxd1 Qxd1+ 49. Ka2 Bd7 50. Qf2 Be6+ 51. Ka3 Qd6+ 52. Qc5 Qh2 53.
Qb4 Qxh4 54. Qxa4 Qxg5 55. b4 Qd2 56. Qc2 Qd4 57. Qd3 Qa7+ 58. Kb2 Qa2+ 59. Kc1 Qa1+ 60. Kc2 Qa2+ 61. Kc1 Qa1+ 62. Kc2 Qa2+ 63. Kc1 Qa1+ 1/2-1/2

[Event "*** MasterClass Titled Tuesday Blitz"]
[Site "Chess.com"]
[Date "2017.10.03"]
[Round "5"]
[White "Hrant_ChessMood"]
[Black "Kawhi_Leonard2"]
[Result "1-0"]
[WhiteElo "2739"]
[BlackElo "2243"]
[TimeControl "180+2"]
[EndTime "14:08:29 PDT"]
[Termination "Hrant_ChessMood won on time"]

1. d4 Nf6 2. Nf3 e6 3. c4 c5 4. e3 d5 5. cxd5 exd5 6. Bb5+ Nc6 7. O-O Bd6 8. dxc5 Bxc5 9. Nc3 O-O 10. b3 Qd6 11.
Bb2 Bg4 12. Be2 a6 13. h3 Bh5 14. Nh4 Bg6 15. Nxg6 hxg6 16. Bf3 Rad8 17. Ne2 Rfe8 18. Rc1 Ne4 19. Nd4 Ne5 20. Rc2 Ba7 21. g3 f5 22.
Bg2 g5 23. Nxf5 Qe6 24. Nd4 Qf7 25. Kh2 Rf8 26. f4 gxf4 27. exf4 Qg6 28. Ne2 Nc6 29. Rf3 Rfe8 30. Nd4 Nxd4 31. Bxd4 Bb8 32. Qf1 Rc8 33. Rxc8 Rxc8 34. Be5 Nd2 35. Qe2 Nxf3+ 36. Qxf3 Bxe5 37. Qxd5+ Kh8 38. fxe5 Qc2 39. e6 Re8 40. Qd7 Qg6 41. Bd5 b5 42. h4 Qc2+ 43. Bg2 Qg6 44. Bd5 Qc2+ 45. Bg2 Qg6 46. Qd5 Rxe6 47. a4 bxa4 48. bxa4 Re7 49. Qa8+ Re8 50. Qd5 Re7 51. Qd8+ Re8 52.
Qd2 Qe6 53. a5 Qe2 54. Qd5 Qb5 55. Qd2 Re2 56. Qd8+ Kh7 57. Qd4 1-0

[Event "*** MasterClass Titled Tuesday Blitz"]
[Site "Chess.com"]
[Date "2017.10.03"]
[Round "5"]
[White "OparinGrigoriy"]
[Black "Krasimir_Rusev"]
[Result "1-0"]
[WhiteElo "2664"]
[BlackElo "2537"]
[TimeControl "180+2"]
[EndTime "14:08:34 PDT"]
[Termination "OparinGrigoriy won by resignation"]

1. e4 d6 2. d4 Nf6 3. Nc3 e5 4. Nf3 exd4 5. Nxd4 Be7 6. g3 O-O 7. Bg2 Re8 8. O-O c6 9. h3 a5 10. a4 Na6 11. Re1 Nc5 12. g4 Bf8 13. Bg5 h6 14. Bh4 Be7 15. Bg3 Qb6 16. Qd2 Bd7 17.
Rad1 Rad8 18. b3 Bc8 19. Kh2 Bf8 20. f3 Qb4 21. Nd5 cxd5 22. c3 Qb6 23. exd5 Nxd5 24. Nb5 Nf6 25. Rxe8 Rxe8 26. Qc2 d5 27. b4 Na6 28.
bxa5 Qxa5 29. h4 g6 30. Rd4 Bd7 31. Rf4 Qd8 32. Qd2 Bxb5 33. axb5 Nc5 34. Qd4 Ncd7 35. c4 dxc4 36. Kh3 Re6 37. Bf1 Bd6 38. Bxc4 Bxf4 39. Bxf4 Qb6 40. Qd3 Re1 41. Qxg6+ Kh8 42. Qxh6+ Nh7 43.
Qxb6 Nxb6 44. Bxf7 Kg7 45. Bb3 Rb1 46. Bc2 Rxb5 47.
g5 Nd7 48. Kg3 Rc5 49. Be4 b5 50. Be3 Rc4 51. h5 b4 52. h6+ Kg8 53. Bd5+ Kf8 54. Bxc4 Ne5 55. Bb3 Ke7 56. f4 Nf7 57. g6 1-0

[Event "*** MasterClass Titled Tuesday Blitz"]
[Site "Chess.com"]
[Date "2017.10.03"]
[Round "5"]
[White "JSPrepz"]
[Black "Zufi1811"]
[Result "0-1"]
[WhiteElo "2521"]
[BlackElo "2426"]
[TimeControl "180+2"]
[EndTime "14:08:35 PDT"]
[Termination "Zufi1811 won by checkmate"]

1. e4 c5 2. Nf3 d6 3. d4 cxd4 4. Nxd4 Nf6 5. Nc3 a6 6. Bg5 e6 7.
f4 Qc7 8. Qf3 b5 9. O-O-O b4 10.
Na4 Nbd7 11. Bd3 Bb7 12. Rhe1 Be7 13. g4 O-O 14. h4 Nc5 15. b3 Nxa4 16. bxa4 Qa5 17.
Kb1 Qxa4 18. f5 Rac8 19. Bc1 Nd7 20. g5 Ne5 21. Qg3 Nxd3 22. Rxd3 e5 23. Nb3 f6 24.
gxf6 Bxf6 25. Rxd6 Rc4 26. Rg1 Rc7 27. Qg4 h5 28.
Qe2 Qb5 29. Qf3 Qc4 30. Qxh5 Bxe4 31. Bb2 Qxc2+ 32. Ka1 Qf2 33. Rdd1 Qxf5 34. Qe2 Bf3 35. Qf2 e4 36. Rd2 Bxb2+ 37. Rxb2 Qe5 38. h5 e3 39. Qh4 e2 40. h6 Rff7 41. hxg7 Rxg7 42. Qd8+ Kh7 43.
Qh4+ Kg8 44. Qd8+ Kf7 45. Re1 Rc2 46. Qd7+ Kf6 47. Qd8+ Kf7 48. Qd7+ Kg8 49. Qd8+ Kh7 50. Qh4+ Kg6 51. Rg1+ Kf7 52. Rxg7+ Kxg7 53. Nd4 e1=Q+ 54.
Rb1 Qxb1+ 55. Kxb1 Rg2 56. Kc1 Qe3+ 57. Kb1 Be4+ 58.
Ka1 Qc3# 0-1

[Event "*** MasterClass Titled Tuesday Blitz"]
[Site "Chess.com"]
[Date "2017.10.03"]
[Round "5"]
[White "Taron_Shagbazyan"]
[Black "plouarzel"]
[Result "0-1"]
[WhiteElo "2499"]
[BlackElo "2479"]
[TimeControl "180+2"]
[EndTime "14:08:39 PDT"]
[Termination "plouarzel won on time"]

1. d4 d6 2. c4 e5 3. e3 Nf6 4.
Nc3 Be7 5. g3 O-O 6. Bg2 Re8 7.
Nge2 c6 8. O-O Nbd7 9. b3 Bf8 10.
Qc2 exd4 11. exd4 Nb6 12. h3 d5 13. c5 Nbd7 14. b4 a6 15. g4 g6 16. Bf4 Bg7 17.
Ng3 Nf8 18. Qd2 Ne6 19. Be5 Nd7 20. Bxg7 Nxg7 21. Rae1 Rxe1 22. Rxe1 Nf8 23. a4 Nfe6 24. f4 Qf6 25. Nce2 Bd7 26. Rf1 Qd8 27. f5 Nf8 28. f6 Ne8 29. g5 Ne6 30. h4 N8c7 31. a5 Nb5 32. h5 Qf8 33. hxg6 hxg6 34. Kf2 Qb8 35.
Rh1 Qc7 36. Rh4 Re8 37. Qc1 Ng7 38. Qh1 Nh5 39. Nxh5 Rxe2+ 40. Kxe2 gxh5 41. Bf3 Qg3 42. Qh2 Nxd4+ 43. Ke3 Nf5+ 44. Ke2 Qxh4 45. Qb8+ Kh7 46. Qc7 Qc4+ 47. Kf2 Qd4+ 48. Kf1 Qd3+ 49. Kf2 Qe3+ 50. Kg2 Qxg5+ 51. Kf2 Qe3+ 52. Kg2 Be6 53. Qh2 Qd2+ 54.
Kg1 Qxh2+ 55. Kxh2 Kg6 56. Kg2 Nh4+ 0-1

[Event "*** MasterClass Titled Tuesday Blitz"]
[Site "Chess.com"]
[Date "2017.10.03"]
[Round "5"]
[White "amaidel"]
[Black "Hanging_pointer"]
[Result "0-1"]
[WhiteElo "2436"]
[BlackElo "2344"]
[TimeControl "180+2"]
[EndTime "14:08:43 PDT"]
[Termination "Hanging_pointer won by resignation"]

1. e4 c5 2. Nf3 d6 3. d4 cxd4 4. Nxd4 Nf6 5. Nc3 a6 6. f4 e5 7. Nf3 Nbd7 8. a4 Be7 9. Bc4 Qa5 10. O-O Qc5+ 11. Kh1 Qxc4 12. fxe5 Nxe5 13. Nd5 Nxd5 14.
Nxe5 dxe5 15. exd5 Bg4 16. Qe1 Qxd5 17. Qg3 Be6 18. Be3 Qe4 19. Qxg7 O-O-O 20. Qg3 Rhg8 21. Qf2 f5 22. Rae1 Qc6 23. Bb6 Rd5 24. c4 Rd4 25. Bxd4 exd4 26. b3 Bc5 27. Qe2 Bd7 28.
Rf3 Kb8 29. Qd2 Qd6 30. Re2 Bc6 31. Rxf5 d3 32. Rxc5 Qxc5 33. Qxd3 Qg5 34. Qc2 Qf6 35.
h3 Qf1+ 36. Kh2 Qf4+ 37. Kh1 Qg3 38. Kg1 Qxh3 39. b4 Qg4 40. b5 Qd4+ 41. Kh1 Qh4+ 42. Kg1 Qd4+ 43. Kh1 Rg6 44. Qd2 Qxd2 45. Rxd2 axb5 46.
axb5 Be4 47. Kh2 Kc7 48. g3 Kb6 49. Rd4 Bf5 50. Rf4 Bg4 51. Rf7 Be2 52. Rxh7 Bxc4 53. Kh3 Bxb5 54. g4 Be2 55. Rh4 Kc5 56. Rh5+ Kc4 57.
Rh4 Rxg4 58. Rh7 b5 59. Re7 Rd4 60. Rxe2 b4 61. Kg3 Kc3 62. Re8 b3 63. Rc8+ Rc4 64.
Rb8 b2 65. Kf2 Rb4 66. Rc8+ Kb3 0-1

[Event "*** MasterClass Titled Tuesday Blitz"]
[Site "Chess.com"]
[Date "2017.10.03"]
[Round "5"]
[White "toad"]
[Black "Too_Stupid_To_Play"]
[Result "0-1"]
[WhiteElo "2116"]
[BlackElo "2153"]
[TimeControl "180+2"]
[EndTime "14:08:49 PDT"]
[Termination "Too_Stupid_To_Play won by checkmate"]

1. d4 Nf6 2. c4 e6 3. g3 c5 4. d5 exd5 5. cxd5 d6 6. Nc3 g6 7. Bg2 Bg7 8. Nf3 O-O 9. O-O a6 10. a4 Re8 11. Re1 Nbd7 12. Bf4 Nf8 13. a5 h6 14. Nd2 g5 15. Be3 Ng4 16. Nc4 b5 17. axb6 Nxe3 18. Nxe3 Qxb6 19. Nc4 Qc7 20. Ne4 Rd8 21. Qd2 Rb8 22. Ra3 Rb4 23. Na5 Rxb2 24.
Qd3 Ng6 25. Nc6 Re8 26. Qf3 f5 27. Qh5 fxe4 28. Qxg6 Qf7 29. Qxf7+ Kxf7 30. Re3 Bf5 31. Ra1 Rb6 32. Ra4 Rb1+ 33. Bf1 Ra8 34. Kg2 h5 35.
Rea3 h4 36. h3 Bxh3+ 37. Kxh3 Rxf1 38. Rxa6 Rxa6 39. Rxa6 Rxf2 40. Ra7+ Kg6 41. gxh4 gxh4 42. Kxh4 Rxe2 43. Kg3 e3 44. Kf3 Re1 45. Re7 Bd4 46. Re6+ Kf5 47. Ne7+ Kg5 48. Rg6+ Kh5 49. Rg2 Rf1+ 50.
Kg3 Rf2 51. Rxf2 exf2 52. Kg2 c4 53. Nf5 Bc5 54. Ng3+ Kg4 55. Ne2 Kf5 56. Nc3 Kf4 57. Kf1 Ke3 58. Nd1+ Kd2 59. Nb2 c3 60. Nc4+ Kd1 61.
Kg2 c2 62. Nb2+ Ke2 63. Kh2 f1=Q 64. Nd3 Kxd3 65. Kg3 Qf2+ 66. Kh3 Qg1 67. Kh4 c1=Q 68. Kh3 Qh6# 0-1

[Event "*** MasterClass Titled Tuesday Blitz"]
[Site "Chess.com"]
[Date "2017.10.03"]
[Round "5"]
[White "timator"]
[Black "catalin009"]
[Result "0-1"]
[WhiteElo "2397"]
[BlackElo "2358"]
[TimeControl "180+2"]
[EndTime "14:08:53 PDT"]
[Termination "catalin009 won by resignation"]

1. Nf3 Nf6 2. g3 b6 3. Bg2 Bb7 4. O-O g6 5. b3 Bg7 6. Bb2 O-O 7. d3 d5 8. Nbd2 Nbd7 9. c4 e6 10. Qc2 a5 11. Rac1 a4 12. b4 a3 13. Ba1 c5 14.
bxc5 Nxc5 15. Nb3 Na4 16. Nbd4 Qe7 17. Nb5 Rfc8 18. Qb3 Nc5 19. Qb1 Na4 20. Qb3 Nc5 21. Qb1 Na4 22. cxd5 Bxd5 23. Rxc8+ Rxc8 24. Rc1 Rxc1+ 25. Qxc1 Bxa2 26. Nxa3 Bd5 27. e4 Bb7 28. Nb5 Nc5 29. Bf1 Qd7 30. Nbd4 Ng4 31. h3 Ne5 32. Ne1 Nexd3 33.
Nxd3 Bxd4 34. Nxc5 bxc5 35. Bg2 Qa4 36. Bxd4 Qxd4 37.
Qb1 Ba6 38. Qb6 Bd3 39. h4 h5 40. Bf3 Kg7 41. Kg2 Bxe4 42. Bxe4 Qxe4+ 43. Kh2 Qd4 44. Kg2 Qe4+ 45. Kh2 c4 46. Qb2+ Kh7 47. Qf6 Qf5 48. Qd4 c3 49. Qxc3 Qxf2+ 50. Kh3 Qf5+ 51. Kg2 e5 52. Qc7 Kg7 53. Qc3 Kh7 54. Qc7 e4 55. Qc3 Kg8 56. Qa3 Qg4 57. Qa8+ Kg7 58. Qa1+ Kh7 59.
Qc3 Qe2+ 60. Kh3 e3 61. Qf6 Qg4+ 62. Kg2 Qe6 63. Qxe6 fxe6 64. Kf3 Kg7 65. Kxe3 Kf6 66. Kf4 e5+ 67. Ke4 Ke6 68. Kf3 Kf5 69. Ke3 Kg4 0-1

[Event "*** MasterClass Titled Tuesday Blitz"]
[Site "Chess.com"]
[Date "2017.10.03"]
[Round "5"]
[White "Masterbeaterr"]
[Black "peteseeger"]
[Result "1/2-1/2"]
[WhiteElo "2287"]
[BlackElo "2142"]
[TimeControl "180+2"]
[EndTime "14:08:56 PDT"]
[Termination "Game drawn - insufficient material"]

1. Nf3 g6 2. g3 Bg7 3. Bg2 f5 4. O-O Nf6 5. d3 O-O 6. c4 d6 7.
Nc3 Nc6 8. a3 Nh5 9. Bd2 f4 10. b4 Bg4 11. Rb1 e6 12. b5 Nd4 13.
Nxd4 Bxd4 14. Qe1 fxg3 15. hxg3 Nxg3 16. e3 Bxc3 17. fxg3 Rxf1+ 18. Bxf1 Bxd2 19. Qxd2 d5 20. c5 Qg5 21. Rb4 Rf8 22. Bg2 Bf3 23. Kh2 e5 24.
Rh4 e4 25. dxe4 dxe4 26. Qa2+ Kg7 27. Qb2+ Qf6 28. Qxf6+ Rxf6 29. Bf1 Rf5 30. c6 bxc6 31. bxc6 Rc5 32. Kg1 Rxc6 33. Rh2 Rc1 34. Rd2 Kf6 35.
Kf2 Bg4 36. Bg2 Bf5 37. Bf1 h5 38. Rb2 Ra1 39. Rc2 Rxa3 40. Rxc7 Ra2+ 41. Kg1 a5 42. Bc4 Ra1+ 43. Kf2 Kg5 44. Rc5 Rc1 45. Rc6 a4 46. Bd5 Rxc6 47. Bxc6 Be6 48. Bxa4 Bf5 49. Bd1 Kf6 50. Be2 Ke5 51. Bd1 Kd6 52. Bb3 Kc5 53. Bf7 Kb4 54. Be8 Kc3 55. Bf7 Kd2 56. Be8 Kc3 57. Bf7 Kb4 58. Be8 Kc5 59. Bf7 Kd6 60. Be8 Ke7 61. Bc6 g5 62. Bb5 Kd6 63.
Be2 h4 64. gxh4 gxh4 65. Ba6 Ke7 66. Bb7 Kf6 67. Kg2 Kg5 68. Kh2 Kg4 69. Kg2 h3+ 70.
Kf2 Kh4 71. Bc6 Kg5 72. Kg3 Kf6 73. Bxe4 Bxe4 74. Kxh3 Bf5+ 75. Kg3 Ke5 76. e4 Bxe4 1/2-1/2

[Event "*** MasterClass Titled Tuesday Blitz"]
[Site "Chess.com"]
[Date "2017.10.03"]
[Round "5"]
[White "Keaton87"]
[Black "Kouzari"]
[Result "1/2-1/2"]
[WhiteElo "2456"]
[BlackElo "2535"]
[TimeControl "180+2"]
[EndTime "14:09:10 PDT"]
[Termination "Game drawn - insufficient material"]

1. e4 e6 2. d4 d5 3. Nd2 Nc6 4. Ngf3 Nf6 5. e5 Nd7 6. Bd3 Nb4 7. Be2 c5 8. c3 Nc6 9. O-O Be7 10. Re1 O-O 11.
Nf1 a5 12. Be3 a4 13. Ng3 a3 14. b3 cxd4 15. cxd4 g6 16. Bh6 Re8 17. Qd2 Bf8 18.
Bxf8 Rxf8 19. Qh6 f6 20. exf6 Nxf6 21. Ne5 Nxe5 22. dxe5 Nd7 23. Bd3 Rf7 24. Re3 Qf8 25. Qxf8+ Nxf8 26. Rc1 Bd7 27. Ne2 g5 28. Nd4 Rf4 29.
Ne2 Rb4 30. Kf1 Rc8 31. Rxc8 Bxc8 32. Rg3 Kf7 33. Rxg5 Rxb3 34. Rg3 Rb2 35. Nc1 b5 36. Rf3+ Ke7 37. Ke1 b4 38. Be2 Ng6 39. Rh3 Nxe5 40.
Rxh7+ Kd6 41. h4 Rb1 42. Kd2 Nc4+ 43. Kd1 Ba6 44. Ra7 Bb5 45. h5 Nb2+ 46. Kc2 Rxc1+ 47.
Kxc1 Bxe2 48. h6 Bd3 49. h7 Bxh7 50. Rxh7 Nd3+ 51. Kc2 Nxf2 52. Kb3 Kc5 53. Rc7+ Kd4 54. Kxb4 e5 55. Kxa3 e4 56. Kb3 Ke3 57. a4 d4 58.
a5 d3 59. Rd7 d2 60. Kc2 d1=Q+ 61. Rxd1 Nxd1 62. a6 Ke2 63. a7 Ne3+ 64. Kb3 Nxg2 65. a8=Q Kf3 66. Kc3 Nf4 67. Kd2 Ng2 68. Qf8+ Nf4 69.
Qf5 e3+ 70. Ke1 Kg3 71. Qe4 e2 72. Qe3+ Kg4 73. Kf2 e1=Q+ 74. Qxe1 Nd3+ 75. Ke2 Nxe1 1/2-1/2

[Event "*** MasterClass Titled Tuesday Blitz"]
[Site "Chess.com"]
[Date "2017.10.03"]
[Round "5"]
[White "Shtembuliak"]
[Black "Sethu0025"]
[Result "1-0"]
[WhiteElo "2630"]
[BlackElo "2635"]
[TimeControl "180+2"]
[EndTime "14:09:32 PDT"]
[Termination "Shtembuliak won by resignation"]

1. Nf3 d5 2. g3 Nf6 3. Bg2 e6 4. O-O c5 5. c4 d4 6. e3 Nc6 7.
exd4 cxd4 8. d3 Bd6 9. a3 a5 10. Bg5 h6 11. Bxf6 Qxf6 12. Nbd2 Qd8 13. Rc1 O-O 14.
c5 Be7 15. Re1 a4 16. Ne5 Bd7 17. Nxd7 Qxd7 18. Rc4 Ra5 19. Rxa4 Rxc5 20. Rc4 Rc8 21.
Rxc5 Bxc5 22. Qa4 Be7 23. Nc4 Qd8 24. b4 Ra8 25. Qb5 Qc7 26. Rc1 Nd8 27. a4 Bf8 28.
a5 Rc8 29. Rb1 Qe7 30. a6 bxa6 31. Qxa6 Rb8 32. b5 Qc5 33. b6 Qe7 34. Ra1 Qb4 35. Qa7 Bd6 36. Qd7 Bc5 37. Qc7 Qc3 38. Qxb8 Qxa1+ 39. Bf1 Be7 40. Qc7 Bf6 41. b7 Nxb7 42. Qxb7 g5 43.
Qb2 Qa7 44. Qe2 Kg7 45. Bg2 Qc5 46. Bf3 Be7 47. Qe5+ Qxe5 48. Nxe5 Bf6 49. Nc4 Be7 50. Bc6 f5 51. Kg2 Kf6 52. f4 Bd8 53. Kf3 Bc7 54. Bd7 Bb8 55. Bc8 Bc7 56. Nd2 e5 57. fxe5+ Kxe5 58. g4 Kf6 59. gxf5 Bxh2 60. Kg4 Bf4 61.
Ne4+ Kf7 62. Kh5 Be3 63. Be6+ Ke7 64. Bc4 Kf8 65. f6 Bf4 66. Nc5 Bd6 67. Ne6+ Ke8 68. Kxh6 g4 69. Ng7+ Kd7 70. Kg6 g3 71. Bd5 Bf8 72.
Bg2 Kd6 73. Nf5+ Ke5 74. Nxg3 Kf4 75. Nf5 1-0

[Event "*** MasterClass Titled Tuesday Blitz"]
[Site "Chess.com"]
[Date "2017.10.03"]
[Round "5"]
[White "Mistheoretical"]
[Black "ehrenfeld"]
[Result "0-1"]
[WhiteElo "2198"]
[BlackElo "2335"]
[TimeControl "180+2"]
[EndTime "14:09:46 PDT"]
[Termination "ehrenfeld won by resignation"]

1. d4 Nf6 2. Bg5 e6 3. Nd2 d5 4.
e4 Be7 5. e5 Nfd7 6. h4 c5 7.
c3 Nc6 8. Qg4 f6 9. exf6 Nxf6 10. Bxf6 Bxf6 11. dxc5 O-O 12. O-O-O Qa5 13. Kb1 Qxc5 14.
Bd3 Ne5 15. Qg3 Nxd3 16. Qxd3 Bd7 17. f4 e5 18. Nb3 Qc6 19. fxe5 Bxe5 20. Ka1 Bf5 21. Qd2 Be4 22. Nf3 Bf4 23. Qd4 a5 24. Nbd2 Rae8 25. Rhe1 b5 26. Nxe4 dxe4 27. Ng5 e3 28.
Re2 h6 29. Nf3 Re4 30. Qd3 Rfe8 31. a3 a4 32. Qd5+ Qxd5 33. Rxd5 Rb8 34. Nd4 Bg3 35. h5 Rf8 36. Rxb5 Rf1+ 37. Ka2 Rf2 38. Rb8+ Kh7 39. Re1 e2 40. Rxe2 Rfxe2 41. Nxe2 Rxe2 42. Rb4 Be5 43. Kb1 Re1+ 44. Kc2 Re2+ 45. Kd3 Rxg2 46. b3 axb3 47. Rxb3 Rh2 48. Rb5 Rh3+ 49.
Ke4 Bxc3 50. a4 Rh4+ 51. Kd3 Bf6 52. a5 Ra4 53. Ke3 Bd8 54. Rb8 Rxa5 55. Rxd8 Rxh5 56. Kf3 Rg5 57. Rd7 h5 58. Rd6 g6 59. Kf4 Rg4+ 60.
Kf3 Kh6 61. Rd5 Rg1 62. Kf2 Rg5 63. Rd8 Rg4 64. Rd5 h4 65. Ra5 g5 66. Rb5 Rg3 67. Ra5 Kh5 68. Ra4 Rg4 69. Ra5 Rb4 70. Kg2 Kg4 71.
Rc5 Rb2+ 72. Kf1 h3 73. Kg1 Kh4 74. Rc8 g4 75. Rh8+ Kg3 76. Kf1 Rb1+ 77. Ke2 h2 0-1

[Event "*** MasterClass Titled Tuesday Blitz"]
[Site "Chess.com"]
[Date "2017.10.03"]
[Round "5"]
[White "Iball95"]
[Black "MisaPap"]
[Result "0-1"]
[WhiteElo "2502"]
[BlackElo "2434"]
[TimeControl "180+2"]
[EndTime "14:09:51 PDT"]
[Termination "MisaPap won by resignation"]

1. d4 Nf6 2. Bf4 c5 3. e3 e6 4. c3 b6 5. Nd2 Bb7 6. Nc4 d5 7. Ne5 a6 8. h3 Be7 9. Ngf3 O-O 10. Bd3 Ne4 11. O-O f6 12. Ng4 h5 13. Ngh2 g5 14.
Bg3 Rf7 15. h4 g4 16. Bxe4 dxe4 17. Nd2 Nd7 18. Nc4 Nf8 19. dxc5 Bxc5 20. Qb3 b5 21.
Na3 Bd5 22. Qc2 Rc8 23. Nb1 f5 24. Rd1 Be7 25. a4 Bxh4 26. Bxh4 Qxh4 27. axb5 axb5 28. Nf1 Qg5 29. Ra5 Bc4 30. Nbd2 Bd3 31. Qb3 h4 32. Rxb5 Bxb5 33. Qxb5 Rd8 34. Nxe4 Qe7 35. Rxd8 Qxd8 36. Nc5 h3 37. Qc4 hxg2 38. Ng3 Qd1+ 39. Kxg2 Qf3+ 40. Kg1 f4 41. exf4 Rxf4 42. Qe2 Qxe2 43.
Nxe2 Rf5 44. b4 Kf7 45. Kg2 Re5 46. Nd4 Re1 47. Kg3 Rc1 48. Ne4 Re1 49. Nc5 e5 50.
Nf5 Rc1 51. Ne4 Ke6 52. Ne3 Nd7 53. Kxg4 Nf6+ 54. Nxf6 Kxf6 55. c4 Rb1 56. b5 Ke6 57.
Kf3 Rb2 58. Nd1 Rb4 59. Ne3 Rb2 60. Kg3 Kd6 61. f3 Kc5 62. Kg4 Kd4 63. Nd5 Kxc4 64.
Nc7 Kc5 65. Kf5 Kd6 66. Ne8+ Kd5 67. Nc7+ Kd4 68. Ne6+ Kd5 69. Nc7+ Kd6 70. Ne8+ Ke7 71. Nc7 Kd7 72. Nd5 Rxb5 73. Kxe5 Kc6 74. Ke6 Rxd5 75. f4 Rd6+ 76. Ke7 Rd7+ 77. Ke6 Rd1 78. f5 Re1+ 79.
Kf7 Kd7 80. f6 Rf1 81. Kg7 Ke6 0-1

[Event "*** MasterClass Titled Tuesday Blitz"]
[Site "Chess.com"]
[Date "2017.10.03"]
[Round "5"]
[White "swayamsm"]
[Black "MITerryble"]
[Result "1/2-1/2"]
[WhiteElo "2498"]
[BlackElo "2630"]
[TimeControl "180+2"]
[EndTime "14:10:14 PDT"]
[Termination "Game drawn - insufficient material"]

1. d4 e6 2. Nf3 Nf6 3. Bg5 b6 4. e4 h6 5. Bxf6 Qxf6 6. Bd3 Bb7 7. Nbd2 c5 8. c3 Nc6 9. e5 Qd8 10. O-O cxd4 11. cxd4 Be7 12. Ne4 Nb4 13. Bb1 Ba6 14.
Re1 O-O 15. a3 Nd5 16. Qd2 Rc8 17. h3 Rc7 18. Ba2 Bb7 19. Rac1 Rxc1 20. Rxc1 Qb8 21.
Bb1 Rc8 22. Re1 Ba6 23. g4 Qc7 24. g5 hxg5 25. Nfxg5 g6 26. Kh1 Kg7 27. Rg1 Rh8 28. Rg3 Qc4 29. Bd3 Qc8 30. Kh2 Bxd3 31. Qxd3 Qc1 32.
Nxf7 Nf4 33. Qe3 Qxe3 34. fxe3 Rxh3+ 35. Rxh3 Nxh3 36. Nfd6 Ng5 37. Nxg5 Bxg5 38. e4 Be3 39. d5 Bf4+ 40. Kg2 Bxe5 41. Nc8 Bxb2 42. a4 exd5 43. exd5 Kf6 44. Nxa7 Ke5 45. Nc8 Bd4 46. d6 Bc5 47. Kf3 Kf5 48. Ne7+ Kf6 49. Nc8 Kg5 50. Ke4 Kh5 51.
Kd5 g5 52. a5 bxa5 53. Kxc5 g4 54. Ne7 g3 55. Nd5 Kg5 56. Ne3 Kf4 57. Ng2+ Ke5 58.
Nh4 a4 59. Kb4 Kxd6 60. Kxa4 Ke5 61. Kb3 Ke4 62. Kc3 Ke3 63. Kc4 Ke4 64. Kc3 d5 65. Kd2 d4 66. Ng2 Kf3 67. Nh4+ Kg4 68. Ng2 Kf3 69. Nh4+ Ke4 70. Ke2 Kf4 71. Kd3 Kg4 72.
Ng2 Kf3 73. Nh4+ Kg4 74. Ng2 Kh3 75. Nf4+ Kh2 76. Kxd4 g2 77. Ne2 g1=Q+ 78. Nxg1 1/2-1/2